 Dungeon Crawl Stone Soup version 0.30-a0-867-g305f33218d (webtiles) character file.

Game seed: 2245110522267333367

772 retardedninja the Covered (level 7, 0/63 HPs)
             Began as an Armataur Fighter on Mar 10, 2023.
             Killed from afar by an orc wizard (1 damage)
             ... with a magic dart
             ... on level 5 of the Dungeon.
             The game lasted 00:05:42 (4353 turns).

retardedninja the Covered (Armataur Fighter)        Turns: 4353, Time: 00:05:43

Health: 0/63       AC: 11    Str: 24    XL:     7   Next: 53%
Magic:  7/7        EV:  6    Int:  8    God:
Gold:   229        SH:  4    Dex:  9    Spells: 6/6 levels left

rFire   . . .      SeeInvis .    a - +0 war axe
rCold   . . .      Faith    .    c - +0 buckler
rNeg    . . .      Spirit   .    x - +0 chain mail
rPois   .          Reflect  .    (no helmet)
rElec   .          Roll     +    y - +1 cloak of the Ward {Stlth+}
rCorr   .                        (no gloves)
Will    .....                    (no barding) Stlth
                                 f - amulet of the acrobat
HPRegen 0.30/turn                (no ring)
MPRegen 0.10/turn                (no ring)

@: lethally poisoned (0 -> -16), flying, invisible
A: large, rugged brown scales 3, deformed body, armoured tail, roll, long
tongue, awkward tongue
a: no special abilities


You were on level 5 of the Dungeon.
You visited 1 branch of the dungeon, and saw 5 of its levels.

You collected 229 gold pieces.

Inventory:

Hand Weapons
 a - a +0 war axe (weapon)
Missiles
 l - 4 javelins (quivered)
Armour
 c - a +0 buckler (worn)
 x - a +0 chain mail (worn)
 y - the +1 cloak of the Ward (worn) {Stlth+}
   (You found it on level 3 of the Dungeon)

   Stlth:     It makes you more stealthy.
Jewellery
 b - an amulet of faith
 f - an amulet of the acrobat (around neck)
Wands
 m - a wand of paralysis (9)
 w - a wand of polymorph (8)
Scrolls
 h - a scroll of brand weapon {unknown}
 o - a scroll of fog {unknown}
 p - a scroll of immolation {unknown}
 q - 2 scrolls of amnesia {unknown}
 r - 2 scrolls of vulnerability {unknown}
 u - 2 scrolls of teleportation {unknown}
 v - a scroll of enchant weapon {unknown}
Potions
 d - a potion of mutation {unknown}
 g - a potion of brilliance {unknown}
 s - 2 potions of attraction
 z - a potion of haste {unknown}


   Skills:
 + Level 4.3 Fighting
 * Level 4.6 Axes
 + Level 5.7 Armour
 + Level 5.2 Shields


You had 6 spell levels left.
You didn't know any spells.
Your spell library contained the following spells:

 Spells                   Type           Power      Damage    Failure   Level
 Summon Small Mammal      Summ           0%         N/A       98%         1
 Call Canine Familiar     Summ           0%         N/A       100%        3
 Summon Guardian Golem    Hex/Summ       0%         N/A       100%        3


Dungeon Overview and Level Annotations

Branches:
Dungeon (5/15)
 Temple: D:4-7

Altars:
Hepliaklqana
Okawaru

Shops:
D:1 (   D:5 *


Innate Abilities, Weirdness & Mutations

You are completely covered in rugged brown scales. (AC +3, +7% HP)
Armour fits poorly on your strangely shaped body.
You have a long armoured tail.
You roll when moving toward enemies. (Rampage)
Your long tongue fully drains potion bottles. (2x potion effects)
Your tongue gives you trouble enunciating. (1.5x scroll delay)


Message History

The orc wizard is almost dead.
You feel sick. You block the orc wizard's attack.
You closely miss the orc wizard.
The orc wizard is almost dead.
You feel sick.
The orc wizard mumbles some strange words.
The orc wizard flickers and vanishes!
Deactivating autopickup; reactivate with Ctrl-A.
Something hits you but does no damage.
You are more poisoned.
You barely miss something.
You feel sick. Something hits you.
* * * LOW HITPOINT WARNING * * *
Unknown command.
You miss something.
You feel very sick. Something hits you but does no damage.
Unknown command.
You barely miss something.
You feel sick. Something hits you but does no damage.
You are more poisoned.
Unknown command.
You barely miss something.
* * * LOW HITPOINT WARNING * * *
You feel very sick. Something hits you.
* * * LOW HITPOINT WARNING * * *
You are more poisoned.
You hear some strange, mumbled words.
A puff of flame appears from out of thin air!
The puff of flame misses you.
You slurp down every last drop of the sedimented puce potion!
It was a potion of flight.
You feel very buoyant.
You fly up into the air.
* * * LOW HITPOINT WARNING * * *
You feel very sick.
You hear some strange, mumbled words.
A magic dart appears from out of thin air!
The magic dart hits you.
You die...

##...##....#
.........!.#
...........#
...........#
...........# ...
...........# ..
...........# #.#
#....#
.#.######+####..@.#
.#...........#)){.#
.#...........#....#
.#...†.......#....#
.+......[.....###.#
.#...####...#.'∩'.#
.#...############.#
.'..........#.....#
.#..........#.....#


There were no monsters in sight!

Vanquished Creatures
  An ogre (D:4)
  2 phantoms (D:4)
  A scorpion (D:5)
  3 orc priests
  3 orc wizards
  Natasha (thrice) (D:2)
  3 iguanas (D:4)
  3 gnolls (D:4)
  4 adders
  12 orcs
  8 bats
  7 endoplasms
  2 giant cockroaches
  6 goblins
  7 hobgoblins
  7 jackals (D:3)
  3 quokkas (D:3)
  4 ball pythons
  4 frilled lizards
  5 kobolds
  9 rats
97 creatures vanquished.

Vanquished Creatures (others)
  An orc (D:5)
  2 plants (D:4)
  4 toadstools (D:1)
7 creatures vanquished.

Grand Total: 104 creatures vanquished

Notes
Turn   | Place    | Note
-------+----------+-------------------------------------------
     0 | D:1      | retardedninja the Armataur Fighter began the quest for the
                  | Orb.
     0 | D:1      | Reached XP level 1. HP: 19/19 MP: 1/1
    93 | D:1      | Found Bowunin's Weapon Shop.
   111 | D:1      | You fall into a shaft and drop 1 floor!
   214 | D:2      | Reached XP level 2. HP: 26/26 MP: 2/2
   328 | D:2      | Noticed Natasha
   332 | D:2      | Killed Natasha
   333 | D:2      | Reached XP level 3. HP: 11/33 MP: 3/3
   541 | D:2      | Noticed Natasha
   546 | D:2      | Killed Natasha
   699 | D:2      | Noticed Natasha
   710 | D:2      | Killed Natasha
   711 | D:2      | Reached XP level 4. HP: 28/40 MP: 4/4
  1824 | D:3      | Found an iron altar of Okawaru.
  2201 | D:3      | Noticed an ogre
  2204 | D:3      | an ogre changed into a bat
  2267 | D:3      | Identified the +1 cloak of the Ward {Stlth+}
  2310 | D:3      | Reached XP level 5. HP: 44/48 MP: 5/5
  2687 | D:4      | Noticed a phantom
  2720 | D:4      | Killed a phantom
  2721 | D:4      | Reached skill level 5 in Armour
  2721 | D:4      | Reached XP level 6. HP: 27/55 MP: 6/6
  2985 | D:4      | Found a hazy altar of Hepliaklqana.
  3207 | D:4      | Reached XP level 7. HP: 56/63 MP: 7/7
  3220 | D:4      | Reached skill level 5 in Shields
  4212 | D:5      | Entered Level 5 of the Dungeon
  4303 | D:5      | Found Moyps's Assorted Antiques.
  4353 | D:5      | HP: 1/63 [poisoned by an orc wizard]
  4353 | D:5      | Killed from afar by an orc wizard

Illustrated notes

Levels and vault maps discovered:
D:1:      ldierk_walled_garden_2, layout_loops_ring, serial_shops,
          nicolae_shop_statue_plus, minmay_split_cup_small
D:2:      layout_loops_ring, nicolae_figureground_pulse, uniq_natasha
D:3:      minmay_bubble_buster, layout_basic,
          hellmonk_okawaru_the_only_friend_you_need
D:4:      layout_loops_cross, nicolae_hepliaklqana_hazy_memory
D:5:      layout_gridville, minmay_temple_entry_grid, serial_shops,
          kennysheep_mini, uniq_blork_the_orc, uniq_menkaure

Skill      XL: |  1  2  3  4  5  6  7 |
---------------+----------------------+-----
Fighting       | 3 4 |  4.3
Axes           | 2 3 4 |  4.6
Armour         | 4 5 |  5.7
Shields        | 4 5 |  5.2

Action                     |  1- 3 |  4- 6 |  7- 9 || total
---------------------------+-------+-------+-------++-------
  Melee: War axe           |    47 |   173 |    73 ||   293
         Tailslap          |     5 |    15 |     6 ||    26
  Throw: Javelin           |     5 |     8 |       ||    13
  Evoke: Wand              |       |     2 |       ||     2
    Use: Potion            |       |     6 |     5 ||    11
         Scroll            |       |     4 |       ||     4
   Stab: Paralysed         |       |     2 |       ||     2
         Invisible         |       |       |     1 ||     1
 Armour: Scale mail        |    16 |    39 |       ||    55
         Chain mail        |       |   115 |    44 ||   159
  Dodge: Dodged            |    21 |    86 |    28 ||   135
  Block: Buckler           |     4 |    41 |    20 ||    65

Table legend: (Time is in decaauts)
 A = Elapsed time spent in this place.
 B = Non-inter-level travel time spent in this place.
 C = Inter-level travel time spent in this place.
 D = Time resting spent in this place.
 E = Time spent auto-exploring this place.
 F = Levels seen in this place.
 G = Mean time per level.
                   A        B        C        D        E       F      G
               +--------+--------+--------+--------+--------+-----+--------+
         Total |   4482 |   4364 |    118 |   1138 |   2468 |   5 |  896.4 |
       Dungeon |   4482 |   4364 |    118 |   1138 |   2468 |   5 |  896.4 |
               +--------+--------+--------+--------+--------+-----+--------+

Top non-repeatable levels by time:
     D:3: 1363 daAuts
     D:4: 1230 daAuts
     D:2: 1032 daAuts
     D:1: 706 daAuts
     D:5: 148 daAuts
